 Dungeon Crawl Stone Soup version 0.30.1-3-gfc49f6343a (webtiles) character file.

Game seed: 4500714090969387577

1 Eitelfritz the Chiller (level 1, -1/13 HPs)
             Began as a Demonspawn Ice Elementalist on July 28, 2023.
             Slain by a ball python (2 damage)
             ... on level 1 of the Dungeon.
             The game lasted 00:00:13 (83 turns).

Eitelfritz the Chiller (Demonspawn Ice Elementalist)  Turns: 83, Time: 00:00:15

Health: -1/13      AC:  2    Str:  8    XL:     1   Next: 16%
Magic:  1/3        EV:  9    Int: 16    God:
Gold:   0          SH:  0    Dex: 13    Spells: 3/4 levels left

rFire   . . .        (no weapon)
rCold   . . .        (no shield)
rNeg    . . .        a - +0 robe
rPois   .            (no helmet)
rElec   .            (no cloak)
rCorr   .            (no gloves)
SInv    .            (no boots)
Will    .....        (no amulet)
Stlth   ++           (no ring)
HPRegen 0.22/turn    (no ring)
MPRegen 0.08/turn

%: no passive effects
@: constricted
A: no striking features
a: no special abilities


You were on level 1 of the Dungeon.
You visited 1 branch of the dungeon, and saw 1 of its levels.

Inventory:

Armour
 a - a +0 robe (worn)
Potions
 b - a potion of magic


   Skills:
 + Level 1.7 Dodging
 + Level 1.7 Stealth
 + Level 2.0 Spellcasting
 + Level 3.6 Ice Magic


You had 3 spell levels left.
You knew the following spells:

 Your Spells              Type           Power      Damage    Failure   Level
a - Freeze                Ice            52%        1d6       4%          1

Your spell library contained the following spells:

 Spells                   Type           Power      Damage    Failure   Level
 Frozen Ramparts          Ice            26%        1d4       14%         3
 Ozocubu's Armour         Ice            13%        N/A       14%         3
 Summon Ice Beast         Ice/Summ       7%         N/A       67%         4


Dungeon Overview and Level Annotations

Branches:
Dungeon (1/15)

Altars:


Message History

The bat is severely wounded.
The bat hits you but does no damage. The bat closely misses you.
The ball python barely misses you. The ball python bites you.
The ball python constricts you. The ball python barely misses you.
The ball python bites you but does no damage.
The ball python constricts you.
You escape the ball python's grasp.
A goblin comes into view. It is wielding a +0 club.
The bat hits you but does no damage. The bat closely misses you.
The bat barely misses you. The bat attacks as you move away! The bat hits you.
A hobgoblin comes into view.
The bat hits you. The goblin closely misses you.
You barely miss the goblin. The bat barely misses you.
The goblin closely misses you.
You hit the goblin.
The goblin is heavily wounded.
The bat hits you but does no damage. The ball python barely misses you.
The ball python grabs you. The ball python constricts you.
The ball python barely misses you. The goblin hits you but does no damage.
You closely miss the goblin.
The goblin is heavily wounded.
The bat barely misses you. The bat hits you. The ball python bites you.
The ball python constricts you. The bat closely misses you.
The ball python barely misses you. The goblin hits you with a +0 club.
* * * LOW HITPOINT WARNING * * *
You barely miss the goblin.
The goblin is heavily wounded.
The bat hits you but does no damage. The ball python barely misses you.
The ball python constricts you.
* * * LOW HITPOINT WARNING * * *
The ball python closely misses you. The goblin closely misses you.
You hit the goblin but do no damage. You punch the goblin.
You kill the goblin!
The bat barely misses you.
The ball python bites you but does no damage.
The ball python constricts you.
* * * LOW HITPOINT WARNING * * *
The ball python barely misses you. The ball python bites you.
You die...

##~~~~~~~~~~~~≈~~~~~# #.
........#####.##.#### #.
S.S...........##.# #.
######.########.########.
#.....# #..........
#.###.# ########### ##.##
# ##..S##.#####
#..bS@).....g
##..b##.###.. ##.## # ###


You could see a hobgoblin (asleep), 2 bats and 2 ball pythons.

Vanquished Creatures
  A giant cockroach (D:1)
  A goblin (D:1)
2 creatures vanquished.

Notes
Turn   | Place    | Note
-------+----------+-------------------------------------------
     0 | D:1      | Eitelfritz the Demonspawn Ice Elementalist began the quest
                  | for the Orb.
     0 | D:1      | Reached XP level 1. HP: 13/13 MP: 3/3
    83 | D:1      | Slain by a ball python

Illustrated notes

Levels and vault maps discovered:
D:1:      lightli_arrival_isolated_outpost, layout_loops_ring,
          minmay_hexomino_p4

Action                     || total
---------------------------++-------
  Melee: Unarmed           ||     9
         Punch             ||     1
   Cast: Freeze            ||     3
 Armour: Robe              ||    17
  Dodge: Dodged            ||    23
